AoeStats
← [xCs]PLO_Style

Arabia

509212790Analyzed
1v1 RM · 5d ago on Sep 25, 2026· 33m 1s· 2 players
Game mode
Random Map
Map size
Tiny (2 player)
Population
200
Speed
Normal
Resources
Standard
Victory
Conquest
Starting age
Dark Age
Ending age
Imperial Age
RankedLock teamsTeams togetherTeam positionsShared explorationLock speedFull tech treeHidden civsTurbo modeCheats
Victory
Defeat
🇨🇦 Burgundians · Canada
1730
+16
🇨🇴 Wei · Colombia
1738
-16
[xCs]PLO_Style
4:03 Double-Bit Axe
6:43 Loom
9:11 Feudal Age
10:41 Bow Saw
10:33 Horse Collar
20:00 Castle Age
19:27 Heavy Plow
20:09 Wheelbarrow
19:26 Fletching
19:36 Gold Mining
20:21 Crossbowman
20:40 Elite Skirmisher
22:19 Bodkin Arrow
22:24 Padded Archer Armor
23:57 Leather Archer Armor
25:25 Ballistics
26:53 Hand Cart
27:07 Sanctity
26:58 Fervor
28:06 Redemption
30:05 Husbandry
31:57 Forging
31:55 Town Watch
32:42 Cavalier
DS_ZenWololo
6:32 Loom
8:42 Feudal Age
9:24 Double-Bit Axe
9:36 Horse Collar
19:29 Castle Age
17:59 Gold Mining
20:14 Bloodlines
19:55 Fletching
20:29 Bow Saw
20:55 Bodkin Arrow
22:05 Husbandry
24:22 Padded Archer Armor
32:09 Wheelbarrow
31:37 Heavy Plow
31:28 Stone Mining
32:19 Ballistics
31:51 Light Cavalry
Connection lost

Rejoining the realm…

Still unreachable

The connection could not be restored.

Session expired

The server has moved on; the page needs a fresh start.